 Dungeon Crawl Stone Soup version 0.28-a0-1632-g283549b12f (webtiles) character file.

Game seed: 15108007237596099322

646800 caleiya the Invulnerable (level 27, -7/184 HPs)
             Began as a Gargoyle Fighter on Jan 25, 2022.
             Was the Champion of Okawaru.
             Mangled by an Orb Guardian (9 damage)
             ... on level 5 of the Realm of Zot.
             The game lasted 04:28:02 (112099 turns).

caleiya the Invulnerable (Gargoyle Fighter)       Turns: 112099, Time: 04:28:04

Health: -7/184     AC: 68    Str: 42    XL:     27
Magic:  41/41      EV:  9    Int: 11    God:    Okawaru [******]
Gold:   4574       SH:  0    Dex:  9    Spells: 26/26 levels left

rFire   + . .      SeeInvis .   r - +10 dark maul {vorpal}
rCold   + + +      Faith    +   (shield currently unavailable)
rNeg    + . .      Spirit   .   h - +2 crystal plate armour
rPois   ∞          Reflect  .   R - +2 helmet of Sif Muna's Castigation {Will+}
rElec   +          Harm     .   j - +2 cloak
rCorr   +          Rampage  .   x - +2 pair of gloves
Will    ++++.                   F - +0 pair of boots of Greater Demons {*Corrode +Inv rC+++ Str+5}
Stlth   ..........              L - amulet of faith
HPRegen 0.40/turn               Y - ring "Xulosoas" {rF+ rCorr MP+9 Slay+2}
MPRegen 0.27/turn               n - ring "Genoummo" {rPois rC+ Will+ rCorr Str+5}

@: about to teleport, marked, flying, studying 2 skills
A: sickness immunity, AC +20, big wings, negative energy resistance 1,
electricity resistance, torment resistance 1, petrification resistance,
evolution 1
}: 3/15 runes: decaying, serpentine, silver
a: Renounce Religion, Evoke Invisibility, Heroism, Finesse, Duel


You were on level 5 of the Realm of Zot.
You worshipped Okawaru.
Okawaru was exalted by your worship.
You visited 10 branches of the dungeon, and saw 49 of its levels.
You visited the Abyss 1 time.
You visited 1 ziggurat, and saw 10 of its levels.
You also visited: Ossuary and Desolation.

You collected 8603 gold pieces.
You spent 4029 gold pieces at shops.

Inventory:

Hand Weapons
 a - the +8 mithril axe "Arga" {speed, Will+}
   (You found it in the Desolation of Salt)

   Attacks with this weapon are significantly faster.
   Will:      It increases your willpower.
 b - the +9 hand crossbow "Qien" {vorpal, rCorr Int-4 Dex+2}
   (You found it in the Desolation of Salt)

   Any ammunition fired from it inflicts extra damage upon your enemies.
   Int:       It affects your intelligence (-4).
   Dex:       It affects your dexterity (+2).
   rCorr:     It protects you from acid and corrosion.
 r - the +10 dark maul (weapon) {vorpal}
   (You took it off a deep elf knight on level 3 of the Elven Halls)

   It inflicts extra damage upon your enemies.
 s - the +18 lance "Wyrmbane" {slay drac, rPois rF+ rC+ AC+3}
   (You took it off a deep elf high priest on level 3 of the Elven Halls)

   It inflicts extra damage against dragons and draconians.
   AC:        It affects your AC (+3).
   rF:        It protects you from fire.
   rC:        It protects you from cold.
   rPois:     It protects you from poison.
 G - the +8 war axe "Osijustro" {drain, rF- rC+ Will++ SInv}
   (Okawaru gifted it to you on level 3 of the Snake Pit)

   A truly terrible weapon, it drains the life of any living foe it strikes.
   rF:        It makes you vulnerable to fire.
   rC:        It protects you from cold.
   SInv:      It lets you see invisible.
   Will:      It greatly increases your willpower.
Missiles
 i - 2311 bolts
Armour
 g - a +5 kite shield of reflection
 h - a +2 crystal plate armour (worn)
 j - a +2 cloak (worn)
 x - a +2 pair of gloves (worn)
 F - the +0 pair of boots of Greater Demons (worn) {*Corrode +Inv rC+++ Str+5}
   (Okawaru gifted it to you on level 3 of the Depths)

   Str:       It affects your strength (+5).
   rC:        It renders you almost immune to cold.
   +Inv:      It lets you turn invisible.
   *Corrode:  It may corrode you when you take damage.
 R - the +2 helmet of Sif Muna's Castigation (worn) {Will+}
   (You found it in the Desolation of Salt)

   Will:      It increases your willpower.
 S - the +1 gold dragon scales of Impermeability {rPois rF+ rC+ Dex+4}
   (You bought it in a shop on level 2 of the Orcish Mines)

   Dex:       It affects your dexterity (+4).
   rF:        It protects you from fire.
   rC:        It protects you from cold.
   rPois:     It protects you from poison.
Jewellery
 l - the ring of Polytheism {rN+ Will+ Dex+2}
   (You found it on level 3 of the Dungeon)

   [ring of positive energy]

   Dex:       It affects your dexterity (+2).
   rN:        It protects you from negative energy.
   Will:      It increases your willpower.
 n - the ring "Genoummo" (right hand) {rPois rC+ Will+ rCorr Str+5}
   (You took it off an ironbound convoker on level 5 of the Vaults)

   [ring of resist corrosion]

   Str:       It affects your strength (+5).
   rC:        It protects you from cold.
   rPois:     It protects you from poison.
   rCorr:     It protects you from acid and corrosion.
   Will:      It increases your willpower.
 w - the ring of Daupacw {rCorr Str+7 SInv}
   (You found it on level 4 of a ziggurat)

   [ring of see invisible]

   Str:       It affects your strength (+7).
   SInv:      It lets you see invisible.
   rCorr:     It protects you from acid and corrosion.
 L - an amulet of faith (around neck)
 Y - the ring "Xulosoas" (left hand) {rF+ rCorr MP+9 Slay+2}
   (You found it in the Desolation of Salt)

   [ring of magical power]

   Slay:      It affects your accuracy & damage with ranged weapons and melee
   (+2).
   rF:        It protects you from fire.
   MP:        It affects your magic capacity (+9).
   rCorr:     It protects you from acid and corrosion.
Wands
 k - a wand of mindburst (33)
 p - a wand of flame (136)
 v - a wand of acid (18) (quivered)
 J - a wand of iceblast (44)
 Q - a wand of digging (24)
 V - a wand of paralysis (36)
Scrolls
 e - 13 scrolls of magic mapping
 m - a scroll of enchant armour
 o - a scroll of brand weapon
 q - 11 scrolls of immolation
 y - 13 scrolls of teleportation
 C - 7 scrolls of vulnerability
 E - 5 scrolls of blinking
 M - 7 scrolls of fog
 N - 8 scrolls of enchant weapon
 U - 4 scrolls of silence
 X - 7 scrolls of fear
 Z - 5 scrolls of holy word
Potions
 c - 3 potions of magic
 d - 11 potions of haste
 f - 4 potions of ambrosia
 t - 7 potions of curing
 z - 5 potions of cancellation
 D - 4 potions of invisibility
 H - 13 potions of brilliance
 I - 5 potions of berserk rage
 K - 5 potions of might
 O - 9 potions of resistance
 P - 15 potions of mutation


   Skills:
 + Level 22.1 Fighting
 - Level 18.8(24.8) Axes
 - Level 25.8(27) Maces & Flails
 + Level 13.1(17.6) Polearms
 - Level 10.0 Crossbows
 O Level 27 Armour
 - Level 15.0 Shields
 - Level 12.6 Invocations


You had 26 spell levels left.
You didn't know any spells.
Your spell library contained the following spells:

 Spells                   Type           Power      Damage    Failure   Level
 Beastly Appendage        Tmut           0%         N/A       75%         1
 Foxfire                  Conj/Fire      0%         2x1d4     75%         1
 Freeze                   Ice            0%         1d3       75%         1
 Magic Dart               Conj           0%         1d3       75%         1
 Sandblast                Erth           0%         2d4       75%         1
 Shock                    Conj/Air       0%         1d3       75%         1
 Slow                     Hex            0%         N/A       75%         1
 Sting                    Tmut/Pois      0%         1d3       75%         1
 Blink                    Tloc           0%         N/A       87%         2
 Ensorcelled Hibernation  Hex/Ice        0%         N/A       87%         2
 Passwall                 Tmut/Erth      0%         N/A       87%         2
 Poisonous Vapours        Pois/Air       0%         N/A       87%         2
 Scorch                   Fire           0%         2d5       87%         2
 Searing Ray              Conj           0%         2d4       87%         2
 Static Discharge         Conj/Air       0%         N/A       87%         2
 Wereblood                Tmut           0%         N/A       87%         2
 Confusing Touch          Hex            0%         N/A       98%         3
 Conjure Flame            Conj/Fire      0%         6-21      98%         3
 Dazzling Flash           Conj/Hex       0%         N/A       98%         3
 Frozen Ramparts          Ice            0%         1d2       98%         3
 Gell's Gravitas          Tloc           0%         N/A       98%         3
 Inner Flame              Hex/Fire       0%         N/A       98%         3
 Lesser Beckoning         Tloc           0%         N/A       98%         3
 Mephitic Cloud           Conj/Pois/Air  0%         N/A       98%         3
 Ozocubu's Armour         Ice            0%         N/A       98%         3
 Portal Projectile        Hex/Tloc       0%         N/A       98%         3
 Spider Form              Tmut/Pois      0%         N/A       98%         3
 Stone Arrow              Conj/Erth      0%         3d7       98%         3
 Teleport Other           Tloc           0%         N/A       98%         3
 Vampiric Draining        Necr           0%         2d6       98%         3
 Airstrike                Air            0%         N/A       100%        4
 Anguish                  Hex/Necr       0%         N/A       100%        4
 Dispel Undead            Necr           0%         3d6       100%        4
 Flame Wave               Conj/Fire      0%         2d4       100%        4
 Fulminant Prism          Conj/Hex       0%         3d6       100%        4
 Hailstorm                Conj/Ice       0%         3d3       100%        4
 Iskenderun's Mystic Bla  Conj/Tloc      0%         2d3       100%        4
 Leda's Liquefaction      Hex/Erth       0%         N/A       100%        4
 Olgreb's Toxic Radiance  Pois           0%         N/A       100%        4
 Passage of Golubria      Tloc           0%         N/A       100%        4
 Sticky Flame             Conj/Fire      0%         2d3       100%        4
 Agony                    Necr           0%         N/A       100%        5
 Blade Hands              Tmut           0%         N/A       100%        5
 Borgnjor's Vile Clutch   Necr/Erth      0%         N/A       100%        5
 Excruciating Wounds      Necr           0%         N/A       100%        5
 Fireball                 Conj/Fire      0%         3d3       100%        5
 Iskenderun's Battlesphe  Conj           0%         2d6       100%        5
 Lee's Rapid Deconstruct  Erth           0%         3d5*      100%        5
 Manifold Assault         Tloc           0%         N/A       100%        5
 Silence                  Hex/Air        0%         N/A       100%        5
 Yara's Violent Unravell  Hex/Tmut       0%         3d3       100%        5
 Conjure Ball Lightning   Conj/Air       0%         3x3d6     100%        6
 Dispersal                Tloc           0%         N/A       100%        6
 Starburst                Conj/Fire      0%         6d3       100%        6
 Enfeeble                 Hex            0%         N/A       100%        7
 Orb of Destruction       Conj           0%         9d5       100%        7
 Storm Form               Tmut/Air       0%         N/A       100%        7
 Discord                  Hex            0%         N/A       100%        8
 Disjunction              Tloc           0%         N/A       100%        8
 Ignition                 Fire           0%         3d3       100%        8
 Lehudib's Crystal Spear  Conj/Erth      0%         10d2      100%        8
 Maxwell's Capacitive Co  Air            0%         ∞         100%        8
 Chain Lightning          Conj/Air       0%         N/A       100%        9
 Fire Storm               Conj/Fire      0%         5d1       100%        9
 Shatter                  Erth           0%         3d5*      100%        9
 Summon Guardian Golem    Hex/Summ       Unusable   N/A       N/A         3
 Tukima's Dance           Hex            Unusable   N/A       N/A         3
 Animate Dead             Necr           Unusable   N/A       N/A         4
 Summon Ice Beast         Ice/Summ       Unusable   N/A       N/A         4
 Summon Lightning Spire   Summ/Air       Unusable   N/A       N/A         4
 Statue Form              Tmut/Erth      Unusable   N/A       N/A         6
 Summon Cactus Giant      Summ           Unusable   N/A       N/A         6
 Spellforged Servitor     Conj/Summ      Unusable   N/A       N/A         7
 Infestation              Necr           Unusable   N/A       N/A         8
 Dragon's Call            Summ           Unusable   N/A       N/A         9

Dungeon Overview and Level Annotations

Branches:
Dungeon (15/15)            Temple (1/1) D:5            Lair (6/6) D:10
  Swamp (4/4) Lair:4        Snake (4/4) Lair:3        Slime (0/5) Lair:5
    Orc (2/2) D:11            Elf (3/3) Orc:2        Vaults (5/5) D:13
  Crypt (0/3) Vaults:2     Depths (4/4) D:15            Zot (5/5) Depths:4
Ossuary (visited)         Desolation (visited)

Altars:
Ashenzari
Cheibriados
Dithmenos
Elyvilon
Fedhas
Gozag
Hepliaklqana
Kikubaaqudgha
Makhleb
Nemelex Xobeh
Okawaru
Qazlal
Ru
Sif Muna
Trog
Uskayaw
Vehumet
Wu Jian
Xom
Yredelemnul
Zin
The Shining One
Beogh
Jiyva

Shops:
D:2 ?   D:3 *   D:4 ?   D:10 [   Orc:2 [([!   Elf:2 !   Snake:1 [[=   Snake:4 [
Vaults:2 =   Vaults:4 *   Depths:1 ::   Depths:2 [

Portals:
Hell: Depths:1 Depths:2 Depths:3 Depths:4
Abyss: Depths:1 Depths:3
Pandemonium: Depths:1 Depths:2
Trove: D:10 (give 7 scrolls of blinking)

Annotations:
D:12 exclusion: orange crystal statue
Elf:1 3 runed translucent doors
Zot:5 3 runed translucent doors, confidenceinterval's ghost, master GrIE


Innate Abilities, Weirdness & Mutations

You are immune to sickness and miasma.
Your stone body is resilient. (AC +20)
You are immune to poison.
Your large and strong wings let you fly.
You resist negative energy. (rN+)
You are resistant to electric shocks. (rElec)
You are resistant to unholy torment.
You are immune to petrification.
You have hidden genetic potential.


Message History

The moth of wrath bites you but does no damage.
The Orb Guardian hits you but does no damage.
You barely miss the moth of wrath. The Orb Guardian hits you!
* * * LOW HITPOINT WARNING * * *
The Orb Guardian closely misses you. The Orb Guardian barely misses you.
The moth of wrath bites you but does no damage.
The Orb Guardian barely misses you.
The Orb Guardian hits you but does no damage.
The moth of wrath bites you but does no damage.
The Orb Guardian hits you!
* * * LOW HITPOINT WARNING * * *
The Orb Guardian hits you but does no damage.
The Orb Guardian hits you!
* * * LOW HITPOINT WARNING * * *
You flatten the moth of wrath like a pancake!!!!!
You kill the moth of wrath!
Okawaru accepts your kill. The Orb Guardian barely misses you.
The Orb Guardian hits you but does no damage. x2
The Orb Guardian hits you!
* * * LOW HITPOINT WARNING * * *
The Orb Guardian hits you but does no damage. x2
An orb of fire comes into view.
The Orb Guardian hits you but does no damage. x3
The Orb Guardian hits you!
* * * LOW HITPOINT WARNING * * *
The Orb Guardian completely misses you.
As you read the scroll of teleportation, it crumbles to dust.
You feel strangely unstable.
You feel the Orb delaying your translocation!
The Orb Guardian hits you.
* * * LOW HITPOINT WARNING * * *
The Orb Guardian hits you!!!
* * * LOW HITPOINT WARNING * * *
The Orb Guardian hits you but does no damage. x2
The Orb Guardian hits you!
* * * LOW HITPOINT WARNING * * *
The Orb Guardian hits you but does no damage. x2
The Orb Guardian hits you!
You die...

▓......................▓▓
▓....$........^.........▓▓
▓..........X.............▓
#..........X.............▓
##..........X...........▓▓
##▓..........X........▓▓
▓▓▓▓.......X.).....▓▓
#▓▓▓▓▓▓▓▓▓▓▓##.....▓▓
###.).))X@XX..*.......##
##...)##.XXX...^........##
#######...###..................#
.........###...)..^.............#
........## #.............^......#
......).# #....................#
.......## #....................#
.......# #........)......^....#
.......## #.^...^.......^......#


You could see an orb of fire and 6 Orb Guardians.

Vanquished Creatures
  3 dread liches
  2 orbs of fire (Zot:5)
  Mara (Vaults:2)
  4 ancient liches
  A juggernaut (Depths:3)
  Bai Suzhen (Swamp:3)
  Xtahua (Vaults:2)
  Saint Roka (Depths:4)
  A Killer Klown (Zot:5)
  Vashnia (Snake:2)
  3 caustic shrikes (Depths:2)
  17 golden dragons
  Jory (Vaults:2)
  Nikola (Vaults:1)
  2 Tzitzimimeh (Depths:1)
  An electric golem (Zot:5)
  The ghost of Qeott the Genius of the Arcane, an adept GnCj of Sif Muna (Vaults:4)
  Jorgrun (D:15)
  3 liches (Depths:3)
  18 tentacled monstrosities
  A Hell Sentinel (Depths:1)
  An Ice Fiend (Depths:1)
  14 Orb Guardians (Zot:5)
  Asterion (Depths:2)
  8 quicksilver dragons
  2 deep elf blademasters (Elf:3)
  A deep elf master archer (Elf:3)
  The ghost of feta the Severer, an adept HOFi of Okawaru (Vaults:2)
  4 titans
  A walking frostbound tome (Depths:3)
  2 ancient champions (Zig:5)
  Gastronok (Lair:1)
  9 sphinxes
  7 death cobs
  2 acid blobs (Zig:8)
  A tentacled starspawn (Abyss:2)
  3 thorn hunters
  Donald (Vaults:3)
  14 storm dragons
  The ghost of Sedweff the Fencer, an adept DrGl of Ashenzari (Depths:4)
  2 revenants
  8 nagarajas
  12 draconian monks
  12 tengu reavers
  Roxanne (Snake:1)
  13 shadow dragons
  5 draconian knights
  8 frost giants
  An azure jelly (Zig:8)
  8 fire giants
  2 rockslimes (Zig:8)
  8 deep elf sorcerers
  3 iron dragons
  5 orc warlords
  Aizul (Swamp:3)
  5 draconian shifters
  2 cacodemons
  18 vault wardens
  7 draconian stormcallers
  An imperial myrmidon (Desolation)
  A deep elf elementalist (Elf:3)
  2 ghost moths
  11 draconian scorchers
  19 ironbound preservers
  A ghoul (Zig:5)
  4 spriggan defenders (Depths:3)
  A caustic shrike skeleton (Depths:2)
  2 quicksilver oozes (Zig:8)
  A demonspawn blood saint (Zig:9)
  2 war gargoyles
  10 draconian annihilators
  2 angels (Vaults:3)
  17 very ugly things
  23 stone giants
  9 deep elf demonologists
  4 vampire knights
  18 green draconians
  7 ironbound thunderhulks
  6 eleionomae
  2 halazid warlocks (Desolation)
  Azrael (Snake:1)
  18 yellow draconians
  11 black draconians
  11 purple draconians
  2 spectral titans (Vaults:2)
  8 bunyips
  18 deep elf annihilators
  19 red draconians
  16 white draconians
  19 spark wasps
  2 dire elephants
  4 deep elf death magi
  16 ettins
  Josephine (Orc:2)
  9 deep elf high priests
  3 crystal guardians
  The ghost of Niulora the Blocker, a journeyman TeCj of Vehumet (Lair:4)
  10 fire dragons
  13 yaktaur captains
  6 great orbs of eyes
  18 naga warriors
  37 vault guards
  8 servants of whispers (Desolation)
  3 rakshasas
  8 ragged hierophants (Desolation)
  19 ice dragons
  7 boulder beetles
  2 ogre magi
  3 salamander tyrants
  14 anacondas
  10 ironbound frosthearts
  21 hydras
  8 peacekeepers
  12 centaur warriors
  A death knight (D:12)
  6 spriggan air magi
  2 ghost crabs
  22 dancing weapons
  12 two-headed ogres
  5 tengu warriors
  3 death yaks
  7 deep troll shamans
  3 thrashing horrors (Abyss:2)
  A vampire mage (Zig:5)
  5 alligators
  19 naga sharpshooters
  12 deep troll earth magi
  6 spriggan berserkers
  6 orc high priests
  A soul eater (Abyss:2)
  24 deep elf knights
  3 hell knights
  3 large abominations (Abyss:2)
  4 shock serpents
  A sun demon (Depths:1)
  A storm dragon zombie (Vaults:4)
  6 iron trolls
  A shadow wraith (Vaults:5)
  A spectral human (Vaults:2)
  A spectral yaktaur (Vaults:2)
  A sixfirhy (Abyss:2)
  3 spriggan druids
  A wretched star (Abyss:2)
  A fire crab (shapeshifter) (Vaults:5)
  2 goliath frogs
  A sea snake (shapeshifter) (Depths:4)
  3 skeletal warriors
  9 salamander mystics
  4 sea snakes
  13 bog bodies
  12 deep elf archers
  56 deep trolls
  3 flayed ghosts
  An orange crystal statue (Depths:4)
  7 naga ritualists
  9 wizards
  4 harpies (Vaults:5)
  An obsidian statue (Zot:5)
  8 swamp dragons
  3 glowing orange brains (Depths:3)
  6 lindwurms
  13 phantasmal warriors
  35 deep elf pyromancers
  22 ironbound convokers
  33 deep elf zephyrmancers
  10 necromancers
  11 orc knights
  A sphinx zombie (D:15)
  9 orc sorcerers
  3 will-o-the-wisps
  A shadow dragon skeleton (Depths:2)
  7 mana vipers
  A mana viper (shapeshifter) (D:14)
  30 ugly things
  A spectral ettin (Vaults:2)
  5 cyclopes
  2 manticores
  22 moths of wrath
  11 salamanders
  A tengu skeleton (Vaults:4)
  18 elephants
  A water nymph (shapeshifter) (Vaults:5)
  2 frost giant skeletons
  3 centaur zombies (D:11)
  3 fire giant skeletons (Depths:2)
  25 naga magi
  6 torpor snails (Lair:6)
  A rust devil (Depths:2)
  3 smoke demons
  46 black mambas
  18 vault sentinels
  16 cane toads
  A black mamba (shapeshifter) (Depths:3)
  5 guardian serpents
  2 orange demons
  A hellion (Depths:1)
  A gargoyle (D:12)
  2 stone giant skeletons
  An unseen horror (D:11)
  3 rime drakes
  Maggie (D:6)
  9 komodo dragons
  2 efreet
  8 freezing wraiths
  An ice devil (Depths:1)
  37 yaktaurs
  A tormentor (Zig:10)
  3 tengu conjurers
  A bloated husk (Swamp:2)
  2 yaktaur skeletons
  10 polar bears
  A polar bear (shapeshifter) (Elf:1)
  4 trolls
  3 hellwings (Abyss:2)
  A red devil (Depths:2)
  13 tyrant leeches
  52 saltlings (Desolation)
  A shadow dragon simulacrum (Vaults:2)
  20 hornets
  3 raiju (Lair:6)
  A snapping turtle (shapeshifter) (Vaults:5)
  13 blink frogs
  2 tengu simulacra (Vaults:2)
  An elf zombie (Vaults:4)
  An ettin zombie (Vaults:2)
  12 dream sheep
  Grinder (D:4)
  38 slime creatures
  2 spriggan skeletons (D:15)
  4 starcursed masses (Abyss:2)
  2 shadows
  An ettin skeleton (Vaults:4)
  2 stone giant simulacra
  Sigmund (D:2)
  13 spriggans
  5 air elementals
  4 wyverns
  A vampire (D:10)
  3 water elementals (Depths:4)
  4 wraiths (Orc:2)
  5 fire elementals
  9 humans (D:13)
  A fire bat (Abyss:2)
  2 elf skeletons
  3 swamp worm simulacra (Swamp:4)
  3 basilisks
  A neqoxec (Abyss:2)
  65 yaks
  A steam dragon (D:9)
  22 vampire mosquitoes
  6 wargs
  40 nagas
  The ghost of caleiya the Cudgeller, an amateur GrFi (D:4)
  17 swamp worms
  19 water moccasins
  18 hell hounds
  Duvessa (D:5)
  14 hydra simulacra (Swamp:4)
  3 floating eyes (Depths:3)
  63 orc warriors
  A swamp drake (Swamp:2)
  A hornet zombie (D:7)
  2 sky beasts
  2 ettin simulacra (Vaults:2)
  12 black bears
  A human zombie (Vaults:2)
  A boggart (Vaults:1)
  11 ogres
  29 wolves
  A tengu (shapeshifter) (Abyss:2)
  20 centaurs
  A human skeleton (Vaults:2)
  Blork the orc (D:5)
  5 kobold brigands
  9 bullfrogs
  5 gnoll sergeants
  4 earth elementals
  7 scorpions
  7 small abominations (Abyss:2)
  3 water moccasin zombies (Ossuary)
  A wyvern skeleton (D:6)
  Dowan (D:5)
  A human simulacrum (Vaults:2)
  12 killer bees
  11 wights
  6 electric eels
  2 hounds
  2 bullfrog skeletons
  A jelly (D:7)
  25 orc priests
  Ijyb (D:4)
  Terence (D:3)
  Crazy Yiuf (D:5)
  6 hell rats (Lair:5)
  An iguana (D:4)
  27 orc wizards
  A scorpion zombie (D:5)
  2 mummies (Ossuary)
  Robin (D:3)
  12 gnolls
  A howler monkey skeleton (D:6)
  5 adders
  5 swamp drake simulacra (Swamp:4)
  2 adder skeletons (D:4)
  4 adder zombies (Ossuary)
  2 worms
  3 dart slugs
  121 orcs
  4 bats
  10 endoplasms
  10 giant cockroaches
  9 goblins
  7 hobgoblins
  3 quokkas
  6 ball pythons
  4 frilled lizards
  7 gnoll zombies (Ossuary)
  A goblin zombie (D:4)
  3 hobgoblin zombies (Ossuary)
  25 kobolds
  3 kobold zombies (Ossuary)
  6 orc zombies (Ossuary)
  A quokka zombie (D:4)
  3 rats
  2 starspawn tentacles (Abyss:2)
2504 creatures vanquished.

Vanquished Creatures (others)
  A demonspawn blood saint (Zig:9)
  A yellow draconian (Zot:2)
  A ragged hierophant (Desolation)
  A bloated husk (Swamp:1)
  A saltling (Desolation)
  A blink frog (shapeshifter) (Depths:4)
  A human (D:13)
  An orc priest (Depths:4)
  12 foxfires
  42 fungi
  67 plants
  2 starspawn tentacles (Abyss:2)
  10 withered plants
141 creatures vanquished.

Grand Total: 2645 creatures vanquished

Notes
Turn   | Place    | Note
-------+----------+-------------------------------------------
     0 | D:1      | caleiya the Gargoyle Fighter began the quest for the Orb.
     0 | D:1      | Reached XP level 1. HP: 14/14 MP: 1/1
   164 | D:1      | Reached XP level 2. HP: 5/19 MP: 2/2
   931 | D:2      | Found a shimmering altar of Xom.
   948 | D:2      | Found Addyiph's Magic Scroll Shoppe.
  1009 | D:2      | Noticed Sigmund
  1263 | D:2      | Found a faded altar of an unknown god.
  1389 | D:2      | Reached XP level 3. HP: 19/23 MP: 3/3
  1654 | D:3      | Found Fesk's General Store.
  1729 | D:3      | Noticed Robin
  2015 | D:3      | Reached XP level 4. HP: 11/29 MP: 4/4
  2038 | D:3      | Killed Robin
  2296 | D:3      | Reached skill level 4 in Armour
  2296 | D:3      | Reached XP level 5. HP: 19/33 MP: 5/5
  2452 | D:3      | Noticed Terence
  2462 | D:3      | Killed Terence
  2792 | D:3      | Reached XP level 6. HP: 39/39 MP: 6/6
  3164 | D:4      | Noticed Ijyb
  3174 | D:4      | Killed Ijyb
  3332 | D:4      | Found a radiant altar of Vehumet.
  3528 | D:4      | Found a sand-covered staircase.
  3535 | Ossuary  | Entered an ossuary
  3601 | Ossuary  | Reached skill level 5 in Fighting
  3647 | Ossuary  | Reached skill level 5 in Armour
  3672 | Ossuary  | Reached skill level 5 in Shields
  3672 | Ossuary  | Reached XP level 7. HP: 44/44 MP: 7/7
  4035 | D:4      | Noticed Grinder
  4037 | D:4      | Killed Grinder
  4038 | D:4      | Reached XP level 8. HP: 51/51 MP: 8/8
  4051 | D:4      | Found Oghar's Magic Scroll Boutique.
  4055 | D:4      | Bought a scroll of teleportation for 36 gold pieces
  4714 | D:4      | Found a runed translucent door.
  4715 | D:4      | Noticed caleiya's ghost (amateur GrFi)
  4730 | D:4      | Killed caleiya's ghost
  4731 | D:4      | Reached skill level 6 in Armour
  4799 | D:5      | Entered Level 5 of the Dungeon
  4906 | D:5      | Found an iron altar of Okawaru.
  4926 | D:5      | Became a worshipper of Warmaster Okawaru
  5064 | D:5      | Found a staircase to the Ecumenical Temple.
  5073 | Temple   | Entered the Ecumenical Temple
  5157 | D:5      | Found a runed translucent door.
  5159 | D:5      | Found a runed translucent door.
  5164 | D:5      | Noticed Blork the orc
  5172 | D:5      | Killed Blork the orc
  5173 | D:5      | Reached skill level 5 in Axes
  5176 | D:5      | Noticed Duvessa
  5177 | D:5      | Noticed Dowan
  5186 | D:5      | Killed Duvessa
  5187 | D:5      | Reached skill level 1 in Invocations
  5190 | D:5      | Killed Dowan
  5352 | D:5      | Found an ancient bone altar of Kikubaaqudgha.
  5496 | D:5      | Found a runed translucent door.
  5497 | D:5      | Noticed Crazy Yiuf
  5503 | D:5      | Killed Crazy Yiuf
  5789 | D:6      | Noticed a yak
  5789 | D:6      | Noticed a yak
  5790 | D:6      | Noticed a yak
  5798 | D:5      | Killed a yak
  5822 | D:6      | Killed a yak
  5822 | D:6      | Killed a yak
  5822 | D:6      | Reached * piety under Okawaru
  5823 | D:6      | Reached XP level 9. HP: 17/56 MP: 11/11
  6979 | D:6      | Noticed Maggie
  7003 | D:6      | Killed Maggie
  7231 | D:7      | Found a white marble altar of Elyvilon.
  7283 | D:7      | Noticed a cyclops
  7292 | D:7      | Reached skill level 5 in Invocations
  7302 | D:7      | Killed a cyclops
  7302 | D:7      | Reached ** piety under Okawaru
  7312 | D:7      | Reached XP level 10. HP: 57/61 MP: 14/14
  8032 | D:8      | Noticed a two-headed ogre
  8041 | D:8      | Killed a two-headed ogre
  8389 | D:2      | Killed Sigmund
  8475 | D:5      | Reached *** piety under Okawaru
  8502 | D:5      | Reached skill level 10 in Axes
  9330 | D:8      | Found a hide-covered altar of Uskayaw.
  9716 | D:9      | Reached **** piety under Okawaru
 10181 | D:9      | You fall into a shaft and drop 3 floors!
 10201 | D:12     | Noticed a manticore
 10210 | D:12     | Killed a manticore
 10211 | D:12     | Reached skill level 1 in Crossbows
 10211 | D:12     | Reached XP level 11. HP: 59/66 MP: 17/17
 10396 | D:11     | Noticed a boulder beetle
 10405 | D:11     | Killed a boulder beetle
 10905 | D:10     | Entered Level 10 of the Dungeon
 10910 | D:10     | Found a staircase to the Lair.
 10911 | D:10     | Noticed a death yak
 10912 | D:10     | Noticed a death yak
 10912 | D:10     | Noticed a death yak
 10921 | D:10     | Found a portal to a secret trove of treasure.
 11105 | D:9      | Noticed a two-headed ogre
 11114 | D:9      | Killed a two-headed ogre
 11114 | D:9      | Reached ***** piety under Okawaru
 11115 | D:9      | Reached skill level 7 in Armour
 12217 | D:10     | Found Pivezaff's Antique Armour Shoppe.
 12225 | D:10     | Bought a pair of runed gloves for 210 gold pieces
 12441 | D:10     | Found a sacrificial altar of Ru.
 12594 | D:10     | Identified the +0 robe "Suplisk" {Will+++ Dex-3 SInv}
 12756 | D:9      | Killed a death yak
 12808 | D:10     | Killed a death yak
 12882 | D:10     | Killed a death yak
 13454 | D:11     | Reached XP level 12. HP: 68/73 MP: 18/18
 13523 | D:11     | Noticed a seven-headed hydra
 13540 | D:11     | Killed a seven-headed hydra
 13541 | D:11     | Reached skill level 8 in Armour
 13781 | D:11     | Found a staircase to the Orcish Mines.
 14266 | D:12     | Received a gift from Okawaru
 14698 | D:12     | Noticed a five-headed hydra
 14713 | D:12     | Killed a five-headed hydra
 14884 | D:12     | Noticed a centaur warrior
 14897 | D:12     | Killed a centaur warrior
 14897 | D:12     | Received a gift from Okawaru
 15295 | Lair:1   | Entered Level 1 of the Lair of Beasts
 15302 | Lair:1   | Noticed Gastronok
 15320 | Lair:1   | Killed Gastronok
 15364 | Lair:1   | Noticed a four-headed hydra
 15399 | Lair:1   | Killed a four-headed hydra
 15399 | Lair:1   | Received a gift from Okawaru
 15400 | Lair:1   | Reached skill level 5 in Crossbows
 15485 | Lair:1   | Reached skill level 10 in Invocations
 15599 | Lair:1   | Identified the +7 chain mail of Vehumet's Scorn {rElec
                  | rPois rF- Int+4}
 15812 | Lair:1   | Reached skill level 9 in Armour
 15812 | Lair:1   | Reached XP level 13. HP: 77/80 MP: 20/20
 17043 | Lair:3   | Received a gift from Okawaru
 17388 | Lair:3   | Found a staircase to the Snake Pit.
 17444 | Lair:3   | Identified the +8 chain mail "Quekuid" {rPois Str-2 Int+5
                  | Slay+3}
 18686 | Lair:4   | Found a runed translucent gate.
 18690 | Lair:4   | Found a runed translucent gate.
 18691 | Lair:4   | Found a runed translucent gate.
 18693 | Lair:4   | Noticed Niulora's ghost (journeyman TeCj)
 18739 | Lair:4   | Killed Niulora's ghost
 18739 | Lair:4   | Received a gift from Okawaru
 18839 | Lair:4   | Reached skill level 10 in Armour
 18909 | Lair:4   | Found the +8 demon blade "Leech" {vamp, Harm Drain rN+}
 19201 | Lair:4   | Reached ****** piety under Okawaru
 19202 | Lair:4   | Reached skill level 10 in Fighting
 19226 | Lair:4   | Received a gift from Okawaru
 19227 | Lair:4   | Gained mutation: Your large and strong wings let you fly.
                  | [Gargoyle growth]
 19227 | Lair:4   | Reached XP level 14. HP: 71/88 MP: 21/21
 19604 | Lair:4   | Found a staircase to the Swamp.
 20142 | Lair:5   | Received a gift from Okawaru
 20368 | Lair:5   | Received a gift from Okawaru
 20416 | Lair:5   | Found a staircase to the Slime Pits.
 20416 | Lair:5   | Found a viscous altar of Jiyva.
 20625 | Lair:5   | Received a gift from Okawaru
 21050 | Lair:6   | Entered Level 6 of the Lair of Beasts
 21194 | Lair:6   | Reached skill level 11 in Armour
 21473 | Lair:6   | Reached skill level 15 in Axes
 21483 | Lair:6   | Reached skill level 10 in Shields
 21530 | Lair:6   | Identified the +1 hand axe of Gravity {protect, rPois Str+2
                  | Int+3} (Okawaru gifted it to you on level 6 of the Lair of
                  | Beasts)
 21530 | Lair:6   | Received a gift from Okawaru
 22186 | Lair:6   | Reached XP level 15. HP: 83/92 MP: 22/22
 22459 | Lair:6   | Received a gift from Okawaru
 22607 | Lair:6   | Found a runed translucent door.
 23879 | Orc:1    | Entered Level 1 of the Orcish Mines
 24534 | Orc:2    | Entered Level 2 of the Orcish Mines
 24546 | Orc:2    | Noticed an orc warlord
 24555 | Orc:1    | Received a gift from Okawaru
 24661 | Orc:1    | Killed an orc warlord
 24900 | Orc:2    | Reached skill level 12 in Armour
 25043 | Orc:2    | Found a staircase to the Elven Halls.
 25778 | Orc:2    | Found Gunenlec's Antique Armour Boutique.
 25847 | Orc:2    | Noticed Josephine
 25858 | Orc:2    | Killed Josephine
 26192 | Orc:2    | Found Listoa Apnio's Distillery.
 26278 | Orc:2    | Noticed an orc warlord
 26293 | Orc:2    | Killed an orc warlord
 26402 | Orc:2    | Found Weklucej's Antique Weapon Boutique.
 26412 | Orc:2    | Found Erphut's Antique Armour Shop.
 26726 | D:13     | Received a gift from Okawaru
 27392 | D:13     | Received a gift from Okawaru
 27820 | D:13     | Identified the +5 hand crossbow of Conscience {freeze,
                  | Fragile rF+ MP+9 Str+5} (Okawaru gifted it to you on level
                  | 13 of the Dungeon)
 27820 | D:13     | Received a gift from Okawaru
 28137 | D:14     | Reached skill level 10 in Crossbows
 28295 | D:14     | Found a basalt altar of Yredelemnul.
 28625 | D:14     | Reached XP level 16. HP: 30/97 MP: 15/23
 29045 | D:14     | Found a sparkling altar of Nemelex Xobeh.
 29779 | Orc:2    | Bought crude gold dragon scales for 2295 gold pieces
 29779 | Orc:2    | Identified the +1 gold dragon scales of Impermeability
                  | {rPois rF+ rC+ Dex+4} (You bought it in a shop on level 2
                  | of the Orcish Mines)
 30134 | D:13     | Reached skill level 13 in Armour
 30188 | D:13     | Found a gate to the Vaults.
 30815 | D:3      | Identified the ring of Polytheism {rN+ Will+ Dex+2}
 31277 | D:15     | Entered Level 15 of the Dungeon
 31370 | D:15     | Noticed Jorgrun
 31397 | D:15     | Killed Jorgrun
 31397 | D:15     | Received a gift from Okawaru
 31763 | D:15     | Received a gift from Okawaru
 32020 | D:15     | Found a staircase to the Depths.
 33076 | Swamp:1  | Entered Level 1 of the Swamp
 33241 | Swamp:1  | Noticed a thorn hunter
 33253 | Swamp:1  | Killed a thorn hunter
 33673 | Swamp:1  | Received a gift from Okawaru
 34415 | Swamp:2  | Received a gift from Okawaru
 34620 | Swamp:2  | Received a gift from Okawaru
 34621 | Swamp:2  | Reached XP level 17. HP: 104/104 MP: 24/24
 34856 | Swamp:2  | Received a gift from Okawaru
 34975 | Swamp:2  | Reached skill level 14 in Armour
 35396 | Swamp:3  | Noticed Bai Suzhen
 35454 | Swamp:3  | Killed Bai Suzhen
 35783 | Swamp:3  | Identified the +6 broad axe of Duty {drain, rPois MP-9
                  | Int+5} (Okawaru gifted it to you on level 3 of the Swamp)
 35783 | Swamp:3  | Received a gift from Okawaru
 36301 | Swamp:3  | Noticed a tentacled monstrosity
 36314 | Swamp:3  | Killed a tentacled monstrosity
 36584 | Swamp:3  | Noticed Aizul
 36600 | Swamp:3  | Killed Aizul
 37269 | Swamp:4  | Entered Level 4 of the Swamp
 37460 | Swamp:4  | Received a gift from Okawaru
 38187 | Swamp:4  | Received a gift from Okawaru
 39444 | Swamp:4  | Got a decaying rune of Zot
 39884 | Elf:1    | Entered Level 1 of the Elven Halls
 39884 | Elf:1    | Found a runed translucent gate.
 39884 | Elf:1    | Found a runed translucent gate.
 39884 | Elf:1    | Found a runed translucent gate.
 39884 | Elf:1    | Found a runed translucent gate.
 39884 | Elf:1    | Found a runed translucent gate.
 39884 | Elf:1    | Found a runed translucent gate.
 39886 | Elf:1    | Found a runed translucent door.
 39914 | Elf:1    | Received a gift from Okawaru
 40054 | Elf:1    | Reached XP level 18. HP: 110/111 MP: 25/25
 40067 | Elf:1    | Found a runed translucent door.
 40167 | Elf:1    | Reached skill level 15 in Armour
 40196 | Elf:1    | Received a gift from Okawaru
 40409 | Elf:1    | Paralysed by an air elemental for 1 turns
 40427 | Elf:1    | Identified the +4 ring mail of the Realm of Zot {-Cast Fly
                  | rPois rC-} (Okawaru gifted it to you on level 1 of the
                  | Elven Halls)
 40427 | Elf:1    | Received a gift from Okawaru
 40982 | Elf:1    | Got the Guide on Combat Magic
 41146 | Elf:1    | Paralysed by an air elemental for 1 turns
 41149 | Elf:1    | Paralysed by an air elemental for 1 turns
 41457 | Elf:1    | Paralysed by an air elemental for 1 turns
 41464 | Elf:1    | Paralysed by an air elemental for 1 turns
 42061 | Elf:1    | Paralysed by an air elemental for 1 turns
 43039 | Elf:1    | Found a runed translucent gate.
 43039 | Elf:1    | Found a runed translucent gate.
 43039 | Elf:1    | Found a runed translucent gate.
 44062 | Elf:2    | Paralysed by an air elemental for 1 turns
 44566 | Elf:2    | Got the Compendium of Combed Thunderclap
 44887 | Elf:2    | Found Irphiv's Distillery.
 44898 | Elf:2    | Bought a potion of might for 48 gold pieces
 44898 | Elf:2    | Bought a potion of heal wounds for 60 gold pieces
 44898 | Elf:2    | Bought a potion of resistance for 120 gold pieces
 45215 | Elf:2    | Reached skill level 16 in Armour
 45546 | Elf:2    | Received a gift from Okawaru
 45552 | Elf:2    | Got the Almanac of Dhcmrlchtdj
 45663 | Elf:2    | Got the Papyrus of Plaster Cramp
 45829 | Elf:2    | Found a huge runed translucent gate.
 45831 | Elf:2    | Found a huge runed translucent gate.
 45836 | Elf:2    | Found a huge runed translucent gate.
 45837 | Elf:2    | Found a huge runed translucent gate.
 45837 | Elf:2    | Found a huge runed translucent gate.
 47030 | Elf:2    | Received a gift from Okawaru
 47440 | Elf:2    | Cast into level 2 of the Abyss (+1 battleaxe of distortion)
 47889 | Elf:2    | Escaped the Abyss
 48105 | Elf:2    | Reached skill level 15 in Shields
 48405 | Elf:3    | Entered Level 3 of the Elven Halls
 48914 | Elf:3    | Received a gift from Okawaru
 48915 | Elf:3    | Reached XP level 19. HP: 112/120 MP: 27/27
 49264 | Elf:3    | Identified the +0 chain mail of Tosialeu {*Corrode Int+7}
                  | (Okawaru gifted it to you on level 3 of the Elven Halls)
 49264 | Elf:3    | Received a gift from Okawaru
 49561 | Elf:3    | Reached skill level 17 in Armour
 50288 | Elf:3    | Reached skill level 1 in Maces & Flails
 50751 | Elf:3    | Identified the +6 halberd of Hajy {freeze, *Rage rElec
                  | Str+6}
 50904 | Elf:3    | Noticed a Tzitzimitl
 51152 | Elf:3    | Identified the +9 scimitar of Sinag {holy, Fly rElec Int+4
                  | Dex-3}
 51446 | Elf:3    | Identified the +8 plate armour of Absolutism {Harm rF+
                  | Will+ Dex+2}
 52196 | Elf:3    | Noticed a Brimstone Fiend
 52992 | Elf:3    | Noticed a Brimstone Fiend
 53072 | Elf:3    | Identified the +10 war axe of Blood-Lust {freeze, *Corrode
                  | rPois rC+}
 53288 | Elf:3    | Noticed an Ice Fiend
 53312 | Elf:3    | Received a gift from Okawaru
 53318 | Elf:3    | Reached skill level 5 in Maces & Flails
 53752 | Elf:3    | Got Sif Muna's Incunabulum of Shape Shifting
 53915 | Elf:3    | Identified the +1 cloak of Yskuq {*Corrode rC- Regen+
                  | Dex+9} (Okawaru gifted it to you on level 3 of the Elven
                  | Halls)
 53915 | Elf:3    | Received a gift from Okawaru
 54230 | Elf:3    | Got the Papyrus of the Inquisitive Songs
 54482 | Elf:3    | Got Sif Muna's Volume of Unholy Rites and Fire
 54487 | Elf:3    | Identified the +6 hand crossbow of Akori {vorpal, rPois
                  | rC+}
 54757 | Snake:1  | Entered Level 1 of the Snake Pit
 54769 | Snake:1  | Noticed Azrael
 54783 | Snake:1  | Killed Azrael
 54784 | Snake:1  | Reached skill level 18 in Armour
 55417 | Snake:1  | Found Osummeu's Jewellery Boutique.
 55417 | Snake:1  | Found Jeen's Armour Shop.
 55437 | Snake:1  | Bought a ring of see invisible for 165 gold pieces
 55437 | Snake:1  | Bought the ring of Larekk {rPois rCorr EV+4 Dex-4} for 488
                  | gold pieces
 55720 | Snake:1  | Found Niseacyc's Antique Armour Shop.
 56036 | Snake:1  | Noticed Roxanne
 56064 | Snake:1  | Killed Roxanne
 56868 | Snake:2  | Identified the +1 chain mail of Courage {Str+5 Int+2}
 56959 | Snake:2  | Reached XP level 20. HP: 116/128 MP: 29/29
 57204 | Snake:2  | Noticed Vashnia
 58109 | Snake:2  | Killed Vashnia
 58109 | Snake:2  | Received a gift from Okawaru
 58137 | Snake:2  | Reached skill level 15 in Fighting
 59373 | Snake:3  | Reached skill level 19 in Armour
 59578 | Snake:3  | Identified the +8 war axe "Osijustro" {drain, rF- rC+
                  | Will++ SInv} (Okawaru gifted it to you on level 3 of the
                  | Snake Pit)
 59578 | Snake:3  | Received a gift from Okawaru
 60457 | Snake:3  | Identified a scroll of acquirement
 60458 | Snake:3  | Acquired a manual of Polearms
 60759 | Snake:4  | Entered Level 4 of the Snake Pit
 60777 | Snake:4  | Identified the +0 pair of boots of Okawaru's Wrath {Dex+9}
                  | (Okawaru gifted it to you on level 4 of the Snake Pit)
 60777 | Snake:4  | Received a gift from Okawaru
 61474 | Snake:4  | Reached skill level 10 in Maces & Flails
 62598 | Snake:4  | Reached skill level 20 in Armour
 62845 | Snake:4  | Found Reso's Antique Armour Emporium.
 62853 | Snake:4  | Bought a steaming buckler for 351 gold pieces
 62853 | Snake:4  | Identified the +1 buckler of Segyics {Slay+2 Stlth+} (You
                  | bought it in a shop on level 4 of the Snake Pit)
 62976 | Snake:4  | Reached XP level 21. HP: 134/134 MP: 30/30
 63464 | Snake:4  | Got a serpentine rune of Zot
 63492 | Snake:4  | Received a gift from Okawaru
 63904 | Vaults:1 | Entered Level 1 of the Vaults
 64297 | Vaults:1 | Noticed Nikola
 64352 | Vaults:1 | Killed Nikola
 64368 | D:13     | Identified the +8 falchion of the Rattlesnake {freeze,
                  | rF+++ rC+ MP-9 Stlth+} (Okawaru gifted it to you on level
                  | 13 of the Dungeon)
 64368 | D:13     | Received a gift from Okawaru
 67058 | Vaults:2 | Identified the +1 pair of gloves of the Morning Star {+Inv}
                  | (Okawaru gifted it to you on level 2 of the Vaults)
 67058 | Vaults:2 | Received a gift from Okawaru
 67473 | Vaults:2 | Found a staircase to the Crypt.
 67473 | Vaults:2 | Found a basalt altar of Yredelemnul.
 67473 | Vaults:2 | Found an ancient bone altar of Kikubaaqudgha.
 68160 | Vaults:2 | Noticed Jory
 69190 | Vaults:2 | Killed Jory
 69502 | Vaults:2 | Reached skill level 15 in Maces & Flails
 69559 | Vaults:2 | Found Voezawustrim's Jewellery Boutique.
 69621 | Vaults:2 | Noticed Mara
 69641 | Vaults:2 | Noticed caleiya's illusion
 70867 | Vaults:2 | Found a runed translucent gate.
 70867 | Vaults:2 | Found a runed translucent gate.
 70868 | Vaults:2 | Found a runed translucent gate.
 70909 | Vaults:2 | Noticed caleiya's illusion
 70924 | Vaults:2 | Killed Mara
 70982 | Vaults:2 | Reached XP level 22. HP: 136/140 MP: 31/31
 71154 | Vaults:2 | Identified the +1 ring mail "Jufu" {-Tele rPois rCorr
                  | Int+5} (Okawaru gifted it to you on level 2 of the Vaults)
 71154 | Vaults:2 | Received a gift from Okawaru
 71409 | Vaults:2 | Noticed feta's ghost (adept HOFi)
 71480 | Vaults:2 | Killed feta's ghost
 72034 | Vaults:3 | Found a crumbling gateway.
 72073 | Vaults:3 | Found a glowing silver altar of Zin.
 72073 | Vaults:3 | Found a glowing golden altar of the Shining One.
 72073 | Vaults:3 | Found a white marble altar of Elyvilon.
 72081 | Desolati | Entered the Desolation of Salt
 72758 | Desolati | Found the +8 mithril axe "Arga" {speed, Will+}
 72783 | Desolati | Identified the +2 helmet of Sif Muna's Castigation {Will+}
 73190 | Desolati | Got the Volume of Indemnity
 73192 | Desolati | Identified the +10 whip of Isall {speed, rN+ Will+}
 73205 | Desolati | Identified the +9 hand crossbow "Qien" {vorpal, rCorr Int-4
                  | Dex+2}
 73382 | Desolati | Identified the ring "Xulosoas" {rF+ rCorr MP+9 Slay+2}
 73834 | Desolati | Identified the +11 spear of Pestilence {protect, *Corrode
                  | rC+ Will+ Int+4}
 73913 | Desolati | Received a gift from Okawaru
 74155 | Desolati | Identified the ring "Jyfalebb" {Int+5 Dex+6}
 75530 | Vaults:3 | Identified the +4 hand axe "Jovorauss" {vorpal, *Noise
                  | +Blink rCorr SInv} (Okawaru gifted it to you on level 3 of
                  | the Vaults)
 75530 | Vaults:3 | Received a gift from Okawaru
 75926 | Vaults:3 | Noticed Xtahua
 76226 | Vaults:2 | Killed Xtahua
 76365 | Vaults:3 | Noticed Donald
 76874 | Vaults:3 | Killed Donald
 77627 | Vaults:4 | Found Qaackam's Assorted Antiques.
 77630 | Vaults:4 | Bought a potion of curing for 96 gold pieces
 77630 | Vaults:4 | Bought a potion of heal wounds for 160 gold pieces
 77649 | Vaults:4 | Received a gift from Okawaru
 77662 | Vaults:4 | Reached XP level 23. HP: 78/144 MP: 32/32
 77680 | Vaults:3 | Received a gift from Okawaru
 78193 | Vaults:4 | Received a gift from Okawaru
 78748 | Vaults:4 | Identified the +4 hand crossbow "Worm" {venom, rElec rC+
                  | Str-5 Dex+2} (Okawaru gifted it to you on level 4 of the
                  | Vaults)
 78748 | Vaults:4 | Received a gift from Okawaru
 80237 | Vaults:4 | Noticed Qeott's ghost (adept GnCj)
 80238 | Vaults:4 | Found a large runed translucent door.
 80238 | Vaults:4 | Found a large runed translucent door.
 80278 | Vaults:4 | Killed Qeott's ghost
 80323 | Vaults:4 | Identified the ring "Forget-Me-Not" {rElec rPois rC+ Str+3}
 80513 | Vaults:4 | Found Qaackam's Assorted Antiques.
 81125 | Depths:1 | Entered Level 1 of the Depths
 81131 | Depths:1 | Found a snail-covered altar of Cheibriados.
 81131 | Depths:1 | Found a one-way gate leading to the halls of Pandemonium.
 81203 | Depths:1 | Found a gateway to Hell.
 81287 | Depths:1 | Found a one-way gateway to a ziggurat.
 81599 | Depths:1 | Found a one-way gate to the infinite horrors of the Abyss.
 81612 | Depths:1 | Received a gift from Okawaru
 82361 | Depths:1 | Found Zeceh's Book Emporium.
 82363 | Depths:1 | Found Anuliwil's Jewellery Shop.
 82367 | Depths:1 | Found Ywoerhuplu's Book Emporium.
 82368 | Depths:1 | Received a gift from Okawaru
 83543 | Depths:2 | Identified the +1 scale mail of Qumugin {Drain rN++}
                  | (Okawaru gifted it to you on level 2 of the Depths)
 83543 | Depths:2 | Received a gift from Okawaru
 83565 | Depths:2 | Found an ornate altar of the Wu Jian Council.
 83904 | Depths:2 | Noticed a caustic shrike
 83905 | Depths:2 | Noticed a caustic shrike
 83917 | Depths:2 | Killed a caustic shrike
 83941 | Depths:2 | Killed a caustic shrike
 83941 | Depths:2 | Noticed a caustic shrike
 83947 | Depths:2 | Killed a caustic shrike
 83949 | Depths:2 | Noticed Asterion
 83962 | Depths:2 | Killed Asterion
 84341 | Depths:2 | Found Ennufogg's Armour Emporium.
 85463 | Depths:3 | Received a gift from Okawaru
 85464 | Depths:3 | Reached XP level 24. HP: 115/153 MP: 32/32
 85796 | Depths:3 | Reached skill level 21 in Armour
 85896 | Depths:3 | Identified the +0 ring mail of Generosity {rElec}
 85909 | Depths:3 | Identified the +0 pair of boots of Greater Demons {*Corrode
                  | +Inv rC+++ Str+5} (Okawaru gifted it to you on level 3 of
                  | the Depths)
 85909 | Depths:3 | Received a gift from Okawaru
 85953 | Depths:3 | Noticed a juggernaut
 86368 | Depths:3 | Killed a juggernaut
 87963 | Depths:3 | Identified the +0 helmet "Bepteohi" {Str+4} (Okawaru gifted
                  | it to you on level 3 of the Depths)
 87963 | Depths:3 | Received a gift from Okawaru
 88161 | Depths:3 | You are sucked into a shaft and drop 1 floor!
 88161 | Depths:4 | Entered Level 4 of the Depths
 88400 | Depths:3 | Found the +1 robe of Vines {NoPotionHeal Regen++++}
 88781 | Depths:3 | Identified the ring of Sunlight {Ice rCorr}
 89298 | Depths:3 | Got Wiwnyon's Papyrus of Success
 90689 | Depths:4 | Noticed Saint Roka
 90732 | Depths:4 | Identified the +0 scale mail of the Heavens {*Corrode Fly
                  | rElec} (Okawaru gifted it to you on level 4 of the Depths)
 90732 | Depths:4 | Received a gift from Okawaru
 90733 | Depths:4 | Reached XP level 25. HP: 118/162 MP: 32/32
 91223 | Depths:4 | Killed Saint Roka
 91501 | Depths:4 | Reached skill level 22 in Armour
 91766 | Depths:4 | Found a runed translucent door.
 91767 | Depths:4 | Noticed Sedweff's ghost (adept DrGl)
 92963 | Depths:4 | HP: 7/163 [white draconian stormcaller/divine providence
                  | (13)]
 93614 | Depths:4 | Found a gate to the Realm of Zot.
 93696 | Depths:4 | Killed Sedweff's ghost
 93932 | Zig:1    | Entered Level 1 of a ziggurat
 94055 | Zig:2    | Entered Level 2 of a ziggurat
 94096 | Zig:3    | Entered Level 3 of a ziggurat
 94185 | Zig:3    | Identified the +5 hand crossbow "Kiodyp" {elec, rC- Will+
                  | Int+2}
 94190 | Zig:4    | Entered Level 4 of a ziggurat
 94330 | Zig:4    | Identified the ring of Daupacw {rCorr Str+7 SInv}
 94343 | Zig:5    | Entered Level 5 of a ziggurat
 94508 | Zig:6    | Entered Level 6 of a ziggurat
 94649 | Zig:7    | Entered Level 7 of a ziggurat
 94688 | Zig:7    | Received a gift from Okawaru
 95007 | Zig:7    | Found the brooch of Shielding {Spirit SH+8}
 95029 | Zig:8    | Entered Level 8 of a ziggurat
 95355 | Zig:9    | Entered Level 9 of a ziggurat
 95382 | Zig:9    | Noticed an ancient lich
 95402 | Zig:9    | Killed an ancient lich
 95542 | Zig:9    | Identified the +9 hunting sling "Xoutaw" {flame, rN+ Int+4}
 95551 | Zig:9    | Identified the +0 pair of gloves of Fashionability {Regen+}
 95555 | Zig:9    | Got Sif Muna's Papyrus of Combat Magic
 95557 | Zig:9    | Got the Incunabulum of Supportive Feathers
 95578 | Zig:10   | Entered Level 10 of a ziggurat
 95692 | Zig:10   | Noticed Coymaw the pandemonium lord
 95702 | Arena    | Entered the Arena
 95708 | Arena    | Gained mutation: You passively dampen the noise of your
                  | surroundings. [a cacodemon]
 95740 | Zig:10   | Identified the amulet of Oshreng {-Tele Regen+ Str+2 Dex+2
                  | Slay+5}
 97024 | Depths:1 | Received a gift from Okawaru
 97193 | Depths:1 | Found a snail-covered altar of Cheibriados.
 97594 | Depths:1 | Found Zeceh's Book Emporium.
 97596 | Depths:1 | Found Ywoerhuplu's Book Emporium.
 98106 | Vaults:4 | Reached XP level 26. HP: 166/166 MP: 32/32
 98124 | Vaults:5 | Entered Level 5 of the Vaults
 98739 | Vaults:5 | Identified the +5 robe of Resilience {rN+ Int+4}
 98739 | Vaults:5 | Identified the ring of Hisu {Int+6 SInv}
 98764 | Vaults:5 | Noticed a dread lich
 98790 | Vaults:5 | Killed a dread lich
 98811 | Vaults:5 | Reached skill level 23 in Armour
 98844 | Vaults:5 | Reached XP level 27. HP: 102/177 MP: 32/32
 99000 | Vaults:5 | Identified the ring "Genoummo" {rPois rC+ Will+ rCorr
                  | Str+5}
 99479 | Vaults:5 | Identified the +1 lajatang of the Firefly {venom, rF- rN++
                  | rCorr}
 99683 | Vaults:5 | Received a gift from Okawaru
 99986 | Vaults:5 | Noticed an ancient lich
 99997 | Vaults:5 | Killed an ancient lich
100269 | Vaults:5 | Received a gift from Okawaru
100269 | Vaults:5 | Found the +18 Lear's hauberk
100318 | Vaults:5 | Got a silver rune of Zot
102330 | Zot:1    | Entered Level 1 of the Realm of Zot
103067 | Zot:1    | Reached skill level 5 in Polearms
103307 | Zot:1    | Reached skill level 24 in Armour
103611 | Zot:1    | Identified the +0 plate armour of Muttered Phrases {Dex+2
                  | Stlth+}
104045 | Zot:2    | Identified the +1 cloak "Geetost" {rElec} (Okawaru gifted
                  | it to you on level 2 of the Realm of Zot)
104045 | Zot:2    | Received a gift from Okawaru
105984 | Zot:3    | Reached skill level 25 in Armour
106170 | Zot:3    | Received a gift from Okawaru
107138 | Zot:4    | Received a gift from Okawaru
107689 | Zot:4    | Reached skill level 10 in Polearms
107717 | Zot:4    | Received a gift from Okawaru
108185 | Zot:3    | Received a gift from Okawaru
109000 | Zot:3    | Identified the +0 pair of gloves of Uniuby {Int+3} (Okawaru
                  | gifted it to you on level 3 of the Realm of Zot)
109000 | Zot:3    | Received a gift from Okawaru
109242 | Zot:4    | Reached skill level 26 in Armour
110031 | Zot:5    | Entered Level 5 of the Realm of Zot
110222 | Zot:5    | Found a runed translucent gate.
110222 | Zot:5    | Found a runed translucent gate.
110223 | Zot:5    | Found a runed translucent gate.
110223 | Zot:5    | Noticed confidenceinterval's ghost (master GrIE)
110690 | Zot:5    | Noticed an ancient lich
110718 | Zot:5    | Killed an ancient lich
110943 | Zot:5    | Noticed a dread lich
110963 | Zot:5    | Killed a dread lich
111429 | Zot:5    | Noticed an ancient lich
111431 | Zot:5    | Noticed an orb of fire
111443 | Zot:5    | Gained mutation: Armour fits poorly on your strangely
                  | shaped body. [an orb of fire]
111444 | Zot:5    | Killed an orb of fire
111446 | Zot:5    | Killed an ancient lich
111446 | Zot:5    | Received a gift from Okawaru
111661 | Zot:5    | Lost mutation: You passively dampen the noise of your
                  | surroundings. [potion of mutation]
111661 | Zot:5    | Lost mutation: Armour fits poorly on your strangely shaped
                  | body. [potion of mutation]
111661 | Zot:5    | Gained mutation: You have hidden genetic potential. [potion
                  | of mutation]
111787 | Zot:5    | Noticed a dread lich
111792 | Zot:5    | Noticed an orb of fire
111796 | Zot:5    | Killed an orb of fire
111799 | Zot:5    | Killed a dread lich
112030 | Zot:5    | Reached skill level 27 in Armour
112098 | Zot:5    | Noticed an orb of fire
112099 | Zot:5    | HP: 2/184 [Orb Guardian (14)]
112099 | Zot:5    | Mangled by an Orb Guardian

Illustrated notes

Levels and vault maps discovered:
D:1:      roderic_chinese_lattice_arrival, layout_basic, due_unseen_surprise
D:2:      layout_basic, basic_altar, serial_glass, glass_columns_a,
          glass_columns_a, item_on_display_a, item_on_display_a, serial_shops,
          nicolae_diamond_shop, chequers_ecumenical_altar_simple, uniq_jessica,
          uniq_sigmund
D:3:      layout_basic, serial_shops, nicolae_shop_stone, chequers_big_river,
          due_unseen_surprise, uniq_robin, uniq_terence
D:4:      layout_basic, vehumet_crystals, gammafunk_ghost_grave,
          enter_ossuary_4, serial_shops, nicolae_diamond_shop, uniq_ijyb,
          uniq_grinder
D:5:      lemuel_insect_pit, layout_basic, nicolae_kikubaaqudgha_miasma_corner,
          okawaru_ov_weapons_minmay, minmay_temple_entry_large_hall,
          serial_aquarium, aquarium_bridge_long_separate
          [aquarium_subvault_bridge, aquarium_subvault_window,
          aquarium_subvault_bridge, aquarium_subvault_wall,
          aquarium_subvault_bridge, aquarium_subvault_wall],
          aquarium_bridge_square [aquarium_subvault_window,
          aquarium_subvault_window, aquarium_subvault_bridge,
          aquarium_subvault_bridge], aquarium_window_corridor_3,
          aquarium_window_1, aquarium_window_fake, aquarium_view_2f,
          aquarium_view_2c, aquarium_balcony_5b, aquarium_pool_2, uniq_duvessa,
          uniq_blork_the_orc, uniq_crazy_yiuf_cottage
D:6:      layout_cave_pods, uniq_maggie
D:7:      layout_rooms, marbit_many_paths, serial_bayou_lake_a
D:8:      layout_basic, nicolae_uskayaw_dance_hall, serial_co_window_serial,
          co_window_paths_a, co_window_paths_b, co_window_of_opportunity_a,
          co_window_cross_1, co_window_corner_a, co_window_paths_a,
          co_window_of_opportunity_a, co_window_cross_2, co_window_2corner,
          co_window_paths_c, co_window_2corner, co_window_of_opportunity_b,
          glass_columns_a, nicolae_zen_rock_garden,
          chequers_serial_rivers_small_b, grunt_ministairs_14
D:9:      layout_grid_maze
D:10:     layout_gridville, lemuel_doored_altar, dpeg_lair_monsters,
          serial_shops, shop, enter_trove_0, columned_hall_lemuel
D:11:     layout_loops_ring, kennysheep_orc_monster_closet_entryway,
          minmay_misc_feat_alley, kennysheep_generic_room_12
D:12:     layout_cave_pods, portal_ice_cave_entry_pillars_2, minivault_16,
          hangedman_decor_slide_cut, statue_in_the_mist_lemuel
D:13:     layout_loops_ring, ximxim_vaults_locker_room
D:14:     layout_roguey, lemuel_round_altar, skrybe_limestone_x,
          nemelex_xobeh_ov_fountains_minmay
D:15:     gammafunk_depths_entry_grave, layout_long_grid,
          chequers_serial_rivers_small_b, uniq_jorgrun
Temple:   nicolae_temple_x_marks_the_god
Lair:1:   layout_chaotic_city, guppyfry_lair_drakes, grunt_megastairs_3,
          uniq_gastronok
Lair:2:   layout_loops_ring
Lair:3:   layout_long_grid, guppyfry_snake_entry_island,
          infiniplex_staircase_pool_2, lemuel_fruit_tree, serial_bayou_shore_a
Lair:4:   layout_cave_pods, nicolae_swamp_entry_splash_gauntlet,
          ebering_ghost_rock_garden, beast_lair_carwin_10, grunt_megastairs_2
Lair:5:   layout_cellular_growth, slime_altar_1, grunt_megastairs_1
Lair:6:   hangedman_lair_caniforms_friends, layout_cave_pods, wormcave
Swamp:1:  layout_basic_swamp, serial_swamp_ruin, evilmike_swamp_ruin_house_2,
          evilmike_swamp_ruin_rubble_1, evilmike_swamp_ruin_house_6
Swamp:2:  layout_falls_marsh, nicolae_swamp_oxbows, swamp_pool1
Swamp:3:  layout_basic_swamp, evilmike_swamp_ruin_house_1, uniq_aizul,
          uniq_bai_suzhen
Swamp:4:  swamp_icy, layout_basic_swamp, swamp_pool1
Snake:1:  layout_onion_interference, serial_shops, nicolae_shop_waterfront,
          nicolae_snake_biting_tails, serial_bayou_shore_b, minmay_shoptagon,
          uniq_roxanne, uniq_azrael
Snake:2:  layout_grid_maze, st_stairs_5, uniq_vashnia
Snake:3:  hangedman_cross_veins, layout_basic, serial_bayou_ford_a,
          guppyfry_library_mini
Snake:4:  snake_pit, layout_cave_town, serial_shops, nicolae_shop_crystal,
          grunt_ministairs_15
Orc:1:    layout_caves, abandoned_shop
Orc:2:    grunt_orc_community_town_hall, layout_caves,
          grunt_orc_community_big_house_1, grunt_orc_community_big_house_1,
          grunt_orc_community_house_3, grunt_orc_community_house_2,
          grunt_orc_community_house_2, grunt_orc_community_house_1,
          grunt_orc_community_house_1, grunt_orc_community_house_1, basic_altar,
          uniq_josephine
Elf:1:    nicolae_elf_arrival_dilemma, layout_loops_corners,
          minmay_elf_annihilation
Elf:2:    elven_hall_of_blades_hangedman_alternative
          [nicolae_vaults_blade_armed_guards], layout_loops_corners,
          serial_shops, nicolae_square_shop, minmay_fountain_box,
          bh_hangedman_babel_library
Elf:3:    nooodl_elf_gasket, layout_onion_city, minivault_11,
          hangedman_elf_represent
Vaults:1: nicolae_vaults_three_branches, vaults_room_guarded_vault,
          vaults_dpeg_ring, nicolae_vaults_gold_heap, v_misc_14,
          vaults_room_large_hall, v_rooms_5, vaults_room_fours,
          ontoclasm_vaults_eye, nicolae_vaults_rhombus_6,
          nicolae_vaults_network_star, v_rooms_6, ontoclasm_vaults_shuriken,
          ontoclasm_vaults_ligature, vaults_room_large_hall, layout_vaults_maze,
          uniq_nikola
Vaults:2: gammafunk_ghost_necromancy, minmay_crypt_entry_necro_gods, v_misc_26,
          nicolae_vaults_little_squares_6, v_misc_18,
          vaults_mumra_minichess_inversion, vaults_room_large_hall,
          nicolae_vaults_shelves_hall, hangedman_vaults_maws,
          vaults_dpeg_encased_lava, ontoclasm_vaults_ring_small, v_misc_10,
          ontoclasm_vaults_pinch, layout_vaults_omnicross, serial_shops,
          nicolae_shop_window_shopping, uniq_jory, uniq_mara
Vaults:3: portal_desolation_entry_holy_temple, v_misc_10,
          vaults_standard_mumra_enter_the_diamond, nicolae_vaults_little_ls,
          v_pattern_2, v_misc_29, vaults_room_grunt_arrival_ludios,
          vaults_room_door_ring, nicolae_vaults_yaktaur_gun_rack,
          layout_vaults_omnigrid, uniq_xtahua, uniq_donald
Vaults:4: ebering_ghost_disaster_area, hangedman_vaults_snaps,
          grunt_vaults_bifocal, nicolae_vaults_little_squares_4,
          ontoclasm_vaults_fault, hangedman_vaults_locks, vaults_dpeg_diagonal,
          special_room_vaults [special_room_orc], v_misc_23,
          vaults_standard_mumra_x, layout_vaults_omnibox, serial_shops,
          nicolae_shop_behind_doors
Vaults:5: serial_shops
Depths:1: layout_honeycomb, enter_ziggurat_b, hell_entry, pan_entry,
          chequers_serial_rivers_small_3, abyss_entry, cheibriados_altar_1,
          minmay_shop_grove, serial_bayou_shore_b
Depths:2: dreamdust_cat_pyramid, layout_gridville, hell_entry, serial_shops,
          nicolae_shop_hallway_plus, minmay_misc_feat_plants,
          rand_demon_pan_entry_3, nzn_wu_jian_council_hall,
          serial_bayou_shore_b, minmay_staircase_bubble, uniq_asterion
Depths:3: minmay_the_grid_ultimate [minmay_the_grid_prize_shrinking_boxes,
          minmay_the_grid_prize_inner_circle,
          minmay_the_grid_prize_four_corners, minmay_the_grid_prize_diamond_cup,
          minmay_the_grid_square_5x5_empty,
          minmay_the_grid_square_5x5_beaten_path,
          minmay_the_grid_square_5x5_misaligned,
          minmay_the_grid_square_5x5_hollow_slash,
          minmay_the_grid_square_5x5_two_small,
          minmay_the_grid_square_5x5_doubleslash,
          minmay_the_grid_square_5x5_minimal,
          minmay_the_grid_square_5x5_broken_cross,
          minmay_the_grid_square_5x5_checkered_sparse,
          minmay_the_grid_square_5x5_slash, minmay_the_grid_square_5x5_n_small,
          minmay_the_grid_square_5x5_intrusive_squares,
          minmay_the_grid_square_5x5_minibox, minmay_the_grid_square_5x5_inset,
          minmay_the_grid_square_5x5_detours,
          minmay_the_grid_triangle_9x9_stretched_checkered,
          minmay_the_grid_triangle_9x9_longest,
          minmay_the_grid_triangle_9x9_sparse_checkered,
          minmay_the_grid_triangle_9x9_descending_squares,
          minmay_the_grid_triangle_9x9_warning,
          minmay_the_grid_triangle_9x9_empty,
          minmay_the_grid_triangle_9x9_from_above,
          minmay_the_grid_triangle_9x9_semitri,
          minmay_the_grid_triangle_9x9_zippers_vertical,
          minmay_the_grid_triangle_9x9_impossible_snake,
          minmay_the_grid_triangle_9x9_steps,
          minmay_the_grid_triangle_9x9_zippers_horizontal,
          minmay_the_grid_triangle_9x9_intruding_spiral,
          minmay_the_grid_triangle_9x9_corruption,
          minmay_the_grid_triangle_9x9_checkered,
          minmay_the_grid_triangle_9x9_cache,
          minmay_the_grid_square_5x5_inner_i,
          minmay_the_grid_octo_thin_diamonds, minmay_the_grid_octo_teeth,
          minmay_the_grid_octo_clover, minmay_the_grid_octo_fan_narrow,
          minmay_the_grid_octo_odd_swirl, minmay_the_grid_octo_empty,
          minmay_the_grid_octo_vomiting_pacman,
          minmay_the_grid_octo_fat_diamond, minmay_the_grid_stretched_grid,
          minmay_the_grid_minigrid_large, minmay_the_grid_square_x,
          minmay_the_grid_all_tris], hell_entry, abyss_entry
Depths:4: grunt_bruiser_brothers, layout_basic, gammafunk_ghost_grave,
          hangedman_coc_ice_floe, serial_bayou, serial_bayou_pond_e,
          serial_bayou_shore_b, serial_bayou_shore_b, serial_bayou_pond_e,
          minmay_strange_pillars, dpeg_stationary_puzzle, uniq_saint_roka
Zot:1:    layout_gridlike, nicolae_lava_and_water, hangedman_zot_decor_tridents
Zot:2:    layout_misc_corridors, grunt_ministairs_11
Zot:3:    kennysheep_spiral_hall, layout_gridville
Zot:4:    layout_twisted_circle, hangedman_elemental_corridor
Zot:5:    layout_gridville, gammafunk_ghost_split, st_stairs_1

Skill      XL: |  1  2  3  4  5  6  7  8  9 10 11 12 13 14 15 16 17 18 19 20 21 22 23 24 25 26 27 |
---------------+----------------------------------------------------------------------------------+-----
Axes           | 2 3 4 6 8 11 12 13 14 15 16 17 18 | 18.8
Fighting       | 4 5 6 7 8 10 11 12 13 14 15 16 17 18 19 22 | 22.1
Armour         | 4 5 6 7 9 10 11 12 13 14 16 18 20 21 22 23 27 | 27.0
Shields        | 4 5 6 7 8 10 11 13 14 15 | 15.0
Invocations    | 3 5 8 9 10 11 12 | 12.6
Crossbows      | 1 3 5 7 8 10 | 10.0
Maces & Flails | 6 10 16 20 21 23 24 25 | 25.8
Polearms       | 2 13 | 13.1

Action                   |  1- 3 |  4- 6 |  7- 9 | 10-12 | 13-15 | 16-18 | 19-21 | 22-24 | 25-27 || total
-------------------------+-------+-------+-------+-------+-------+-------+-------+-------+-------++-------
Melee: War axe           |    95 |   140 |   216 |       |       |       |    27 |       |    38 ||   516
       Morningstar       |       |    24 |       |    21 |       |       |       |       |       ||    45
       Broad axe         |       |       |    36 |   591 |  1098 |  1331 |  1404 |   978 |   433 ||  5871
       Hand crossbow     |       |       |       |     1 |       |       |       |       |       ||     1
       Lance             |       |       |       |       |       |       |       |   273 |  1462 ||  1735
       Maul              |       |       |       |       |       |       |       |   307 |   123 ||   430
       Punch             |       |       |       |       |       |       |       |     5 |       ||     5
 Fire: Hand crossbow     |       |       |       |    82 |   295 |   525 |   520 |    75 |   195 ||  1692
Throw: Dart              |       |       |     3 |     4 |       |       |       |       |       ||     7
Invok: Heroism           |       |       |       |     8 |     6 |    13 |    18 |     6 |     5 ||    56
       Finesse           |       |       |       |     7 |     5 |     9 |    16 |     4 |     5 ||    46
       Duel              |       |       |       |       |       |       |       |       |     1 ||     1
Evoke: Wand              |       |     3 |    21 |     1 |       |     3 |       |       |     6 ||    34
  Use: Potion            |       |       |     2 |     1 |     3 |    11 |    16 |     9 |     7 ||    49
       Scroll            |       |       |     1 |    14 |     6 |     8 |    11 |     4 |    12 ||    56
 Stab: Distracted        |       |       |       |       |       |     1 |       |     2 |       ||     3
       Confused          |       |       |       |       |       |       |       |       |     2 ||     2
       Invisible         |       |       |       |       |       |       |       |       |     2 ||     2
Armor: Scale mail        |    64 |    70 |    33 |       |       |       |       |       |       ||   167
       Chain mail        |       |       |   104 |   464 |   833 |    22 |       |       |       ||  1423
       Gold dragon scale |       |       |       |       |       |   876 |   943 |  1088 |       ||  2907
       Crystal plate arm |       |       |       |       |       |       |       |   239 |  1306 ||  1545
Dodge: Dodged            |    37 |    76 |   167 |   370 |   406 |   241 |   408 |   389 |   370 ||  2464
Block: Buckler           |    19 |    35 |    66 |   121 |       |       |       |       |       ||   241
       Kite shield       |       |       |       |   117 |   678 |   808 |   807 |   496 |   897 ||  3803
       Reflection        |       |       |       |       |       |    32 |       |     7 |    46 ||    85

Table legend: (Time is in decaauts)
 A = Elapsed time spent in this place.
 B = Non-inter-level travel time spent in this place.
 C = Inter-level travel time spent in this place.
 D = Time resting spent in this place.
 E = Time spent auto-exploring this place.
 F = Levels seen in this place.
 G = Mean time per level.
                   A        B        C        D        E       F      G
               +--------+--------+--------+--------+--------+-----+--------+
         Total | 110515 | 104746 |   5769 |  40734 |  42464 |  63 | 1754.2 |
       Dungeon |  22105 |  19624 |   2481 |   5298 |  10425 |  15 | 1473.7 |
        Temple |     58 |     51 |      7 |      0 |     46 |   1 |   58.0 |
          Lair |   8856 |   8175 |    681 |    745 |   5502 |   6 | 1476.0 |
         Swamp |   6397 |   6214 |    183 |   2359 |   2330 |   4 | 1599.2 |
     Snake Pit |   8750 |   8539 |    211 |   2847 |   3806 |   4 | 2187.5 |
  Orcish Mines |   3188 |   2957 |    231 |   1023 |   1208 |   2 | 1594.0 |
   Elven Halls |  13883 |  13634 |    249 |   7329 |   3309 |   3 | 4627.7 |
        Vaults |  17985 |  17163 |    822 |   7196 |   6637 |   5 | 3597.0 |
        Depths |  15219 |  14440 |    779 |   7033 |   5152 |   4 | 3804.8 |
           Zot |   9344 |   9221 |    123 |   4305 |   3206 |   5 | 1868.8 |
         Abyss |    413 |    413 |      0 |    241 |      0 |   1 |  413.0 |
      Ziggurat |   1662 |   1662 |      0 |   1233 |      8 |  10 |  166.2 |
       Ossuary |    291 |    291 |      0 |      0 |    119 |   1 |  291.0 |
    Desolation |   2327 |   2327 |      0 |   1099 |    715 |   1 | 2327.0 |
         Arena |     29 |     29 |      0 |     22 |      0 |   1 |   29.0 |
               +--------+--------+--------+--------+--------+-----+--------+

Top non-repeatable levels by time:
Depths:3: 5146 daAuts
Vaults:2: 5060 daAuts
   Elf:3: 4914 daAuts
Depths:1: 4743 daAuts
   Elf:2: 4663 daAuts
   Elf:1: 4305 daAuts
Vaults:3: 3872 daAuts
Vaults:5: 3392 daAuts
Vaults:1: 3312 daAuts
Depths:4: 2785 daAuts
Depths:2: 2543 daAuts
  Lair:6: 2542 daAuts
    D:13: 2433 daAuts
 Snake:4: 2421 daAuts
Vaults:4: 2347 daAuts
